 Dungeon Crawl Stone Soup version 0.14-a0-2737-gb10a4c8 (webtiles) character file.

331235 Econoterrorist the Imperceptible (level 20, -7/105 HPs)
             Began as a Spriggan Enchanter on Feb 20, 2014.
             Was the Champion of Dithmenos.
             Mangled by a merfolk impaler
             ... wielding a +1,+2 trident
              (22 damage)
             ... on Level 3 of the Shoals on Feb 21, 2014.
             The game lasted 06:51:11 (61333 turns).

Econoterrorist the Imperceptible (SpEn)            Turns: 61333, Time: 06:51:12

HP  -7/105       AC 10     Str  8      XL: 20   Next: 80%
MP  29/42        EV 32     Int 19 (20) God: Dithmenos [******]
Gold 2945        SH 21     Dex 18      Spells: 13 memorised,  5 levels left

rFire  + . .     SeeInvis +     M - +7 quick blade (stab)
rCold  + + +     Clarity  .     F - +4 skin of Zhor {rC+++}
rNeg   + . .     Conserve .     K - +3 orc buckler {rPois}
rPois  +         rCorr    .     N - +1 hat {SInv}
rElec  .         rRot     .     A - +0 cloak
SustAb . .       Spirit   .     (gloves unavailable)
rMut   .         Warding  +     (boots unavailable)
Saprov . . .     Stasis   .     Z - amulet of warding
MR     +++..                    E - ring of protection from fire
                                V - +3 ring of protection

@: mesmerised, deflect missiles, about to teleport, wreathed by umbra, very
quick, extremely resistant to hostile enchantments, uncannily stealthy
A: unfitting armour, see invisible, deformed body, herbivore 3, speed 3, slow
metabolism 2, wild magic 1
a: Shadow Step, Shadow Form, Renounce Religion
}: 2/15 runes: silver, gossamer


You were on level 3 of the Shoals.
You worshipped Dithmenos.
Dithmenos was exalted by your worship.
You were not hungry.

You visited 7 branches of the dungeon, and saw 42 of its levels.
You visited the Abyss 1 time.
You also visited: Labyrinth and Volcano.

You collected 4785 gold pieces.
You spent 1840 gold pieces at shops.

Inventory:

Hand weapons
 M - a +7,+7 quick blade of stabbing (weapon)
Armour
 A - a +0 cloak (worn)
 F - the +4 skin of Zhor (worn) {rC+++}
   (You acquired it on level 1 of the Lair of Beasts)

   It renders you almost immune to cold.
 K - a +3 orcish buckler of poison resistance (worn)
 N - a +1 hat of see invisible (worn)
Magical devices
 d - a wand of slowing (17)
 e - a wand of disintegration (16)
 g - a wand of digging (9)
 G - a wand of cold (8)
 I - a wand of teleportation (4)
Comestibles
 a - 2 royal jellies
 p - 4 bread rations
Scrolls
 c - a scroll of enchant armour
 f - a scroll of summoning
 l - 2 scrolls of teleportation
 n - 5 scrolls of remove curse
 o - 2 scrolls of magic mapping
 q - 2 scrolls of fog
 x - 2 scrolls of fear
 L - a scroll of silence
 O - 2 scrolls of holy word
 Q - 2 scrolls of amnesia
 R - 4 scrolls of blinking
Jewellery
 h - an uncursed amulet of stasis
 j - an uncursed ring of positive energy
 r - an uncursed amulet of resist corrosion
 y - an uncursed amulet of clarity
 D - an uncursed ring of protection from magic
 E - a ring of protection from fire (right hand)
 T - an uncursed ring of protection from magic
 V - a +3 ring of protection (left hand)
 X - the amulet of Cekugob {Ward -Tele Hunger rElec rPois rN+ AC+1 EV+1}
   (You took it off a yaktaur captain on level 5 of the Vaults)

   [amulet of warding]

   It affects your AC (+1).
   It affects your evasion (+1).
   It insulates you from electricity.
   It protects you from poison.
   It protects you from negative energy.
   It prevents most forms of teleportation.
   It speeds your metabolism.
 Z - an amulet of warding (around neck)
Potions
 i - a potion of brilliance
 k - 4 potions of resistance
 m - 2 potions of magic
 v - 6 potions of curing
 B - 2 potions of berserk rage
 H - 3 potions of heal wounds
 J - 2 potions of might
 W - a potion of agility
Rods
 b - a +4 rod of inaccuracy (11/14)
   (You took it off a vault guard on level 5 of the Vaults)
 C - a +4 lightning rod (4/11)
   (You found it on level 4 of the Lair of Beasts)


   Skills:
 - Level 11.0 Fighting
 - Level 10.0 Short Blades
 - Level 1.1 Throwing
 - Level 15.3 Dodging
 - Level 22.0 Stealth
 - Level 9.1 Shields
 - Level 15.1 Spellcasting
 - Level 14.1 Hexes
 - Level 14.9 Charms
 - Level 4.1 Necromancy
 - Level 6.0 Translocations
 - Level 9.0 Transmutations
 - Level 13.0 Air Magic
 + Level 17.6 Evocations


You had 5 spell levels left.
You knew the following spells:

 Your Spells              Type           Power        Failure   Level  Hunger
a - Apportation           Tloc           ######....   2%          1    None
b - Ensorcelled Hibernat  Hex/Ice        ######       2%          2    None
c - Confuse               Hex            #######.     1%          3    None
d - Enslavement           Hex            #######.     1%          4    None
e - Invisibility          Hex            #######.     7%          6    #####..
f - Animate Dead          Necr           N/A          22%         4    None
g - Blink                 Tloc           N/A          3%          2    None
h - Shroud of Golubria    Chrm/Tloc      ######....   1%          2    None
i - Summon Butterflies    Summ           ###.....     13%         1    None
j - Haste                 Chrm           #######.     4%          6    #####..
k - Alistair's Intoxicat  Trmt/Pois      #####...     19%         4    None
l - Deflect Missiles      Chrm/Air       #######...   7%          6    #####..
m - Flight                Chrm/Air       #######...   1%          3    None


Dungeon Overview and Level Annotations

Branches:
Dungeon (16/16)            Temple (1/1) D:4             Orc (4/4) D:11
    Elf (0/3) Orc:4          Lair (8/8) D:11         Shoals (3/5) Lair:5
 Spider (5/5) Lair:5        Slime (0/6) Lair:7       Vaults (5/5) D:15
  Blade (0/1) Vaults:3      Crypt (0/5) Vaults:3
 Depths: D:16

Altars:
Ashenzari
Cheibriados
Dithmenos
Elyvilon
Kikubaaqudgha
Sif Muna
Xom
Yredelemnul
Zin
The Shining One

Shops:
D:6 /([:   D:7 ?   D:9 *   Orc:1 }   Orc:2 (   Orc:4 =?[}   Shoals:3 (
Vaults:2 [   Vaults:5 *


Innate Abilities, Weirdness & Mutations

You are tiny and cannot use many weapons and most armour.
You have supernaturally acute eyesight.
You are a herbivore.
You cover ground extremely quickly.
You need consume almost no food.
Armour fits poorly on your strangely shaped body.
Your spells are a little harder to cast, but a little more powerful.


Message History

Read which item? (? for menu, Esc to quit)
You cannot teleport right now.
Remove which piece of jewellery? (? for menu, Esc to quit)
Okay, then.
Put on which piece of jewellery? (? for menu, Esc to quit)
You remove the amulet of Cekugob {Ward -Tele Hunger rElec rPois rN+ AC+1 EV+1}.
The sea snake closely misses you. The merfolk impaler misses you.
You block the snapping turtle's attack.
Z - an amulet of warding (around neck)
The merfolk barely misses you. You block the merfolk impaler's attack.
You block the sea snake's attack.
Remove which piece of jewellery? (? for menu, Esc to quit)
Okay, then.
Read which item? (? for menu, Esc to quit)
As you read the scroll of teleportation, it crumbles to dust.
You feel strangely unstable.
The snapping turtle bites you from afar!
* * * LOW HITPOINT WARNING * * *
The merfolk impaler hits you from afar with a trident!
You die...

≈≈≈≈≈≈≈≈≈.....≈.P≈≈≈≈≈
≈≈≈≈≈≈PP.......≈≈≈≈≈≈≈
≈≈≈≈≈≈P..P##..P≈P≈≈≈≈
≈≈≈≈≈PPP..###PP≈≈≈≈≈≈
≈≈≈≈≈≈≈≈≈.###PP≈≈≈≈≈≈≈
≈≈≈≈≈≈≈P≈≈≈≈...≈≈≈≈≈≈≈≈
≈≈≈≈≈≈≈≈≈≈≈≈≈mm≈≈m≈≈≈≈≈≈
≈≈≈≈≈≈≈≈≈≈≈≈≈mt..≈≈≈≈≈≈≈≈
≈≈≈≈≈≈≈≈≈≈≈≈.###@S≈≈≈≈≈≈≈
≈≈≈≈≈≈≈≈≈≈..## #.≈≈≈≈≈≈≈≈
≈≈≈≈≈≈≈≈∩..## ##.≈≈≈≈≈≈≈≈
≈≈≈≈≈≈≈.#### ##.≈≈≈≈≈≈≈≈≈
≈≈≈≈≈≈..# ##.≈≈≈≈.≈≈≈≈≈
≈≈≈≈≈≈.## #....≈≈P≈P≈≈≈≈
≈≈≈≈≈≈.# ##....≈P≈≈P≈≈≈≈
≈≈≈≈≈≈.#####..≈≈≈≈≈≈≈≈P≈≈≈
≈≈≈≈≈≈≈..#.......≈≈≈PP≈≈≈P≈


You could see a siren, a merfolk impaler, a sea snake, a snapping turtle and 2
merfolk.

Vanquished Creatures
  A golden dragon (Vaults:5)
  Asterion (Spider:3)
  5 titans (Vaults:5)
  A quicksilver dragon (Vaults:4)
  3 storm dragons (Vaults:5)
  4 tengu reavers
  Rupert (Lair:8)
  2 sphinxes
  8 shadow dragons
  The ghost of Garrluk the Bludgeoner, a powerful OgHu of Okawaru (Spider:2)
  3 frost giants
  A deep elf sorcerer (Vaults:1)
  3 fire giants
  3 ghost moths (Spider:5)
  2 iron dragons (Vaults:5)
  4 emperor scorpions (Spider:5)
  Louise (Spider:3)
  16 vault wardens
  The ghost of thursdaynext the Conjurer, a mighty TeVM of Vehumet (Shoals:3)
  A deep elf demonologist (Vaults:3)
  19 stone giants
  Azrael (Vaults:3)
  A deep elf annihilator (Vaults:4)
  4 ettins
  Snorg (Lair:5)
  A deep elf death mage (Vaults:3)
  25 vault guards
  7 great orbs of eyes
  A minotaur (Lab)
  2 fire dragons
  11 ironheart preservers
  17 yaktaur captains
  6 ogre magi
  2 merfolk aquamancers
  10 hydras
  A dancing weapon (Vaults:3)
  Erica (Lair:1)
  2 anacondas (shapeshifter) (Vaults:5)
  2 deep troll shamans
  17 death yaks
  2 orc high priests (Orc:4)
  A spectral elf (Vaults:3)
  2 deep troll earth magi (Vaults:3)
  2 very ugly things
  5 catoblepae
  Nergalle (Lair:8)
  19 centaur warriors
  Erolcha (Orc:2)
  A shadow wraith (Vaults:1)
  A deep elf knight (Vaults:3)
  An unseen horror (Vaults:1)
  16 deep trolls
  A shock serpent (shapeshifter) (Vaults:5)
  8 hill giants
  A deep troll (shapeshifter) (Vaults:5)
  16 ironbrand convokers
  A flayed ghost (Vaults:5)
  21 orb spiders
  2 deep elf summoners
  A giant amoeba (shapeshifter) (Vaults:3)
  A water nymph (Shoals:1)
  A giant orange brain (Vaults:1)
  A lindwurm (Volcano)
  21 orc knights
  10 giant amoebae
  A manticore (D:15)
  28 wolf spiders
  6 orc sorcerers
  5 griffons
  5 cyclopes
  31 slime creatures
  5 elephants (Lair:6)
  4 spiny worms
  11 red wasps
  A human skeleton (Vaults:5)
  3 phantasmal warriors (Vaults:5)
  Maurice (Orc:4)
  An octopode (Shoals:3)
  15 spiny frogs
  14 vault sentinels
  An eye of devastation (D:14)
  4 black mambas
  3 fire drakes
  Psyche (D:13)
  A yaktaur zombie (D:16)
  16 demonic crawlers
  An item mimic (Orc:3)
  A dryad (shapeshifter) (D:13)
  A formicid venom mage (Spider:5)
  A centaur zombie (D:10)
  2 feature mimics
  40 yaktaurs
  3 human zombies (Vaults:5)
  22 jumping spiders
  9 trolls
  2 yaktaur skeletons (Vaults:5)
  A mermaid (Shoals:1)
  4 freezing wraiths (Vaults:5)
  3 deep elf priests
  A hydra zombie (D:12)
  2 merfolk (Shoals:1)
  11 two-headed ogres
  A komodo dragon (shapeshifter) (D:14)
  5 komodo dragons
  Sonja (Orc:2)
  A polar bear (shapeshifter) (Vaults:5)
  A wind drake (Shoals:2)
  A minotaur skeleton (Lab)
  5 basilisks
  5 boulder beetles
  A hydra skeleton (D:14)
  2 boulder beetles (shapeshifter)
  27 blink frogs
  2 snapping turtles
  2 brown oozes (Lair:7)
  A shadow (D:13)
  39 redbacks
  7 water elementals
  6 formicids
  2 wraiths
  11 trapdoor spiders
  61 ugly things
  A human (shapeshifter) (Vaults:1)
  22 sharks
  4 toenail golems (Volcano)
  A wyvern (D:12)
  A redback (shapeshifter) (Vaults:5)
  13 deep elf fighters
  A deep elf mage (Vaults:3)
  2 fire elementals (Vaults:3)
  13 vampire mosquitoes
  17 tarantellas
  54 yaks
  10 hippogriffs
  A steam dragon (shapeshifter) (Vaults:3)
  4 hungry ghosts
  4 wolves (Lair:7)
  A necrophage (D:14)
  2 mottled dragons
  2 hell hounds (Vaults:3)
  8 ice beasts
  15 giant goldfish
  33 orc warriors
  10 sky beasts
  3 black bears
  10 porcupines
  A yellow wasp (shapeshifter) (Vaults:5)
  28 ogres
  A phantom (D:10)
  A boring beetle (Lair:4)
  16 yellow wasps
  10 crocodiles
  4 brain worms
  4 wargs
  7 giant slugs
  22 centaurs
  18 water moccasins
  Blork the orc (D:5)
  An ugly thing zombie (Vaults:2)
  6 agate snails
  2 big kobolds
  15 giant frogs
  An ogre simulacrum (D:15)
  A cyclops zombie (D:14)
  A cyclops skeleton (D:8)
  34 killer bees
  A yak zombie (D:9)
  3 human simulacra
  A vampire bat (Lair:2)
  10 electric eels
  4 goliath beetles
  A yak skeleton (D:11)
  A hippogriff skeleton (D:8)
  A troll skeleton (D:8)
  9 crimson imps
  8 jellies
  12 big fish
  A centaur skeleton (D:6)
  10 iguanas
  16 orc priests
  11 hounds
  A giant frog skeleton (D:11)
  27 spiders
  14 worker ants
  9 scorpions
  38 sheep
  8 orange rats
  A killer bee zombie (D:6)
  38 orc wizards
  A big kobold zombie (D:11)
  Ijyb (D:2)
  A hound zombie (D:6)
  2 ogre skeletons
  A mummy (D:10)
  A worker ant zombie (D:9)
  12 boggarts
  5 orc zombies (Orc:4)
  25 adders
  4 giant centipedes
  A green rat (shapeshifter) (Vaults:3)
  5 giant mites
  12 white imps (Lair:5)
  24 green rats
  7 worms
  An orc skeleton (D:9)
  4 giant eyeballs
  9 giant geckos
  141 orcs
  27 bats
  3 giant cockroaches
  20 hobgoblins
  28 jackals
  12 kobolds
  14 quokkas
  2 giant newts
  2 giant spores
  15 goblins
  2 hobgoblin skeletons
  A hobgoblin zombie (D:5)
  2 kobold zombies (D:6)
  A quokka skeleton (D:6)
  30 rats
  A spectral orc (Lair:8)
  3 ballistomycetes
  A butterfly (Lab)
  A fungus (Lair:8)
1825 creatures vanquished.

Vanquished Creatures (collateral kills)
  A golden dragon (Vaults:5)
  A stone giant (Vaults:5)
  2 yaktaur captains (Vaults:5)
  A deep elf high priest (Vaults:5)
  An orc high priest (Orc:4)
  A necromancer (Vaults:5)
  An orc sorcerer (Orc:4)
  5 yaktaurs (Vaults:5)
  A centaur zombie (D:14)
  A queen bee (D:10)
  A wind drake (shapeshifter) (Vaults:5)
  An ettin zombie (Vaults:5)
  A slime creature (D:14)
  A formicid (Lair:8)
  A shark (Lair:5)
  A fire elemental (Vaults:3)
  A deep elf fighter (Vaults:5)
  An orc zombie (Orc:4)
  A hell hound (Vaults:3)
  3 orc warriors
  A yellow wasp (Lab)
  3 killer bees (D:10)
  A big fish (Lair:8)
  An orc wizard (Vaults:2)
  A worker ant (D:14)
  3 orcs
  A kobold (D:10)
  A rat (D:10)
  A fungus (Lair:8)
  2 plants (Lair:8)
42 creatures vanquished.

Vanquished Creatures (others)
  A deep elf sorcerer (Vaults:1)
  A storm dragon zombie (Vaults:5)
  A stone giant zombie (Vaults:5)
  A drowned soul (Shoals:3)
  A stone giant skeleton (Vaults:5)
  2 yaktaur zombies (Vaults:5)
  A centaur zombie (Vaults:5)
  3 human zombies (Vaults:5)
  A killer bee (D:10)
  An ugly thing (Vaults:2)
  A yellow wasp (Lair:5)
  A worker ant (Lair:5)
  A sheep (Lair:8)
  A worm (Lair:5)
  2 orcs
  7 fungi
  13 plants
39 creatures vanquished.

Grand Total: 1906 creatures vanquished

Notes
Turn   | Place    | Note
--------------------------------------------------------------
     0 | D:1      | Econoterrorist, the Spriggan Enchanter, began the quest for the Orb.
     0 | D:1      | Reached XP level 1. HP: 9/9 MP: 4/4
   162 | D:1      | Reached skill level 4 in Stealth
   372 | D:1      | Reached XP level 2. HP: 13/13 MP: 7/7
   834 | D:2      | Learned a level 2 spell: Ensorcelled Hibernation
   938 | D:2      | Noticed Ijyb
   953 | D:2      | Killed Ijyb
   953 | D:2      | Reached skill level 5 in Stealth
   953 | D:2      | Reached XP level 3. HP: 16/16 MP: 5/9
  1155 | D:2      | Reached skill level 6 in Stealth
  1653 | D:3      | Learned a level 3 spell: Confuse
  1664 | D:3      | Reached XP level 4. HP: 21/21 MP: 1/12
  1843 | D:3      | Reached skill level 7 in Stealth
  2424 | D:4      | Found a staircase to the Ecumenical Temple.
  2432 | Temple   | Entered the Ecumenical Temple
  2576 | Temple   | Became a worshipper of Dithmenos
  2763 | D:4      | Reached skill level 8 in Stealth
  2763 | D:4      | Reached XP level 5. HP: 20/24 MP: 2/14
  3230 | D:4      | Found a glowing silver altar of Zin.
  3408 | D:5      | Entered Level 5 of the Dungeon
  3570 | D:5      | Noticed Blork the orc
  3573 | D:5      | Killed Blork the orc
  3573 | D:5      | Reached skill level 5 in Spellcasting
  3573 | D:5      | Reached XP level 6. HP: 28/28 MP: 19/21
  3580 | D:5      | Learned a level 4 spell: Enslavement
  3874 | D:5      | Noticed a sky beast
  3878 | D:5      | Killed a sky beast
  3952 | D:5      | Reached XP level 7. HP: 32/32 MP: 16/24
  4026 | D:5      | Noticed an ice beast
  4056 | D:5      | Killed an ice beast
  4056 | D:5      | Reached skill level 5 in Hexes
  4097 | D:5      | Noticed a centaur
  4103 | D:5      | Killed a centaur
  4315 | D:6      | Learned a level 6 spell: Invisibility
  4535 | D:6      | Found Riecou Tedd's Antique Weapon Shop.
  4592 | D:6      | Found Zosoavvauri's Magical Wand Shoppe.
  4602 | D:6      | Reached XP level 8. HP: 36/36 MP: 25/25
  5320 | D:6      | Reached skill level 5 in Short Blades
  5546 | D:6      | Reached skill level 9 in Stealth
  5578 | D:6      | Reached skill level 10 in Stealth
  5755 | D:6      | Reached XP level 9. HP: 39/39 MP: 24/27
  5789 | D:6      | Found Khatwics' Book Shoppe.
  5832 | D:6      | Reached skill level 11 in Stealth
  5957 | D:6      | Found Brorch's Antique Armour Shop.
  5968 | D:6      | Bought an embroidered robe for 22 gold pieces
  6037 | D:6      | Acquired Dithmenos' first power
  6722 | D:7      | Found Pneoc's Magic Scroll Emporium.
  6725 | D:7      | Bought a scroll of noise for 14 gold pieces
  6764 | D:7      | Learned a level 4 spell: Animate Dead
  6819 | D:8      | Reached skill level 12 in Stealth
  6827 | D:8      | Paralysed by a giant eyeball for 3 turns
  6846 | D:8      | Found a shattered altar of Ashenzari.
  7473 | D:8      | Reached skill level 13 in Stealth
  8024 | D:9      | Reached skill level 14 in Stealth
  8144 | D:9      | Reached skill level 15 in Stealth
  8348 | D:9      | Found Peffulewk's Assorted Antiques.
  8406 | D:9      | Bought a scroll labeled TWODOT SIULEAP for 31 gold pieces
  8406 | D:9      | Bought a scroll labeled YHOIGE BLIRA for 31 gold pieces
  8491 | D:10     | Entered Level 10 of the Dungeon
  8619 | D:10     | Reached XP level 10. HP: 44/44 MP: 28/28
  8641 | D:10     | Reached skill level 10 in Hexes
  8943 | D:10     | Acquired Dithmenos' second power
  9890 | D:10     | Noticed a hill giant
  9916 | D:10     | Killed a hill giant
 10182 | D:11     | Noticed a centaur warrior
 10189 | D:11     | Killed a centaur warrior
 10238 | D:11     | Found a staircase to the Lair.
 10241 | D:11     | Found a staircase to the Orcish Mines.
 10248 | Lair:1   | Entered Level 1 of the Lair of Beasts
 10770 | Lair:1   | Noticed a black mamba
 10783 | Lair:1   | Killed a black mamba
 10783 | Lair:1   | Reached XP level 11. HP: 26/47 MP: 24/29
 10815 | Lair:1   | Identified a scroll of acquirement
 11384 | Lair:1   | Noticed Erica
 11391 | Lair:1   | Killed Erica
 11391 | Lair:1   | Reached skill level 10 in Dodging
 11423 | Lair:1   | Acquired Dithmenos' third power
 11891 | Lair:2   | Noticed a seven-headed hydra
 11997 | Lair:2   | Killed a seven-headed hydra
 12064 | Lair:2   | Reached skill level 10 in Spellcasting
 12507 | Lair:2   | Found a shattered altar of Ashenzari.
 13930 | Lair:3   | Noticed a catoblepas
 13999 | Lair:3   | Reached XP level 12. HP: 15/51 MP: 23/33
 14236 | Lair:3   | Killed a catoblepas
 14344 | Lair:3   | Noticed a death yak
 14372 | Lair:3   | HP: 1/52 [electric eel/bolt of electricity (11)]
 14707 | Lair:3   | Reached skill level 1 in Fighting
 14971 | Lair:3   | Killed a death yak
 15610 | Lair:4   | Reached skill level 5 in Fighting
 15932 | Lair:4   | Acquired Dithmenos' fourth power
 16688 | Lair:5   | Found a hole to the Spider Nest.
 16839 | Lair:5   | Reached skill level 10 in Short Blades
 16916 | Lair:5   | Found a labyrinth entrance.
 16923 | Lair:5   | Found a frozen archway.
 16926 | Lab      | Entered a labyrinth
 17061 | Lab      | Reached skill level 1 in Evocations
 17176 | Lab      | Noticed a minotaur
 17273 | Lab      | Killed a minotaur
 17291 | Lab      | Identified a +4 rod of venom (14/14) (You found it in a labyrinth)
 17292 | Lab      | Identified a +2 rod of the swarm (1/10) (You took it off a minotaur in a labyrinth)
 17690 | Lair:5   | Noticed Snorg
 17703 | Lair:5   | Killed Snorg
 17703 | Lair:5   | Reached skill level 5 in Evocations
 17703 | Lair:5   | Reached XP level 13. HP: 63/63 MP: 28/34
 18042 | Lair:5   | Got a polished cutlass
 18043 | Lair:5   | Identified the +10,+5 cutlass "Lytinehe" {slice, +Rage} (You found it on level 5 of the Lair of Beasts)
 18499 | Lair:5   | Noticed an eight-headed hydra
 18506 | Lair:5   | Killed a nine-headed hydra
 18522 | Lair:5   | Found a staircase to the Shoals.
 18853 | Lair:6   | Found a dark tunnel.
 18858 | Volcano  | Entered a volcano
 19170 | Lair:6   | Reached skill level 10 in Evocations
 20463 | Lair:7   | Found a staircase to the Slime Pits.
 20599 | Lair:7   | HP: 3/63 [poisoned by a spiny frog]
 21513 | Lair:8   | Entered Level 8 of the Lair of Beasts
 21861 | Lair:8   | Reached XP level 14. HP: 26/68 MP: 14/38
 22241 | Lair:8   | Noticed Rupert
 22323 | Lair:8   | Killed Rupert
 22323 | Lair:8   | Reached skill level 15 in Spellcasting
 22752 | Lair:8   | Reached skill level 1 in Shields
 22941 | Lair:8   | Noticed Nergalle
 22952 | Lair:8   | Killed Nergalle
 23030 | Lair:8   | Reached skill level 5 in Shields
 24669 | Spider:1 | Entered Level 1 of the Spider Nest
 24716 | Spider:1 | Reached skill level 1 in Necromancy
 25561 | Spider:2 | Reached skill level 16 in Stealth
 25563 | Spider:2 | Reached XP level 15. HP: 72/72 MP: 33/39
 25587 | Spider:2 | Noticed Garrluk's ghost (powerful OgHu)
 25651 | Spider:2 | Killed Garrluk's ghost
 26431 | Spider:2 | Reached skill level 17 in Stealth
 26951 | Spider:3 | Noticed Louise
 26953 | Spider:3 | Noticed Asterion
 26961 | Spider:3 | Killed Louise
 26980 | Spider:3 | Killed Asterion
 26980 | Spider:3 | Reached skill level 18 in Stealth
 27748 | Spider:4 | Learned a level 1 spell: Apportation
 27751 | Spider:4 | Learned a level 2 spell: Blink
 27754 | Spider:4 | Learned a level 2 spell: Shroud of Golubria
 28002 | Spider:4 | Reached skill level 19 in Stealth
 28007 | Spider:4 | Reached skill level 1 in Translocations
 28213 | Spider:4 | Reached skill level 5 in Translocations
 28546 | Spider:4 | Reached skill level 1 in Charms
 28948 | Orc:1    | Entered Level 1 of the Orcish Mines
 29053 | Orc:1    | Found Urobb's Gadget Emporium.
 29191 | Orc:2    | Noticed Erolcha
 29203 | Orc:2    | Killed Erolcha
 29210 | Orc:2    | Noticed Sonja
 29226 | Orc:2    | Killed Sonja
 29234 | Orc:2    | Found Yrostre's Weapon Emporium.
 29550 | Orc:1    | Upgraded the game from 0.14-a0-2730-g72a2965 to 0.14-a0-2737-gb10a4c8
 29623 | Orc:1    | Found a deep blue altar of Sif Muna.
 29644 | Orc:1    | Identified Sif Muna's Catalogue of Companions
 29651 | Orc:1    | Learned a level 1 spell: Summon Butterflies
 30203 | Orc:3    | Reached skill level 5 in Charms
 30681 | Orc:4    | Entered Level 4 of the Orcish Mines
 30683 | Orc:4    | Found a staircase to the Elven Halls.
 30713 | Orc:4    | Noticed Maurice
 30728 | Orc:4    | Killed Maurice
 31097 | Orc:4    | Found Ishroxar's Jewellery Boutique.
 31100 | Orc:4    | Found Utouriek's Magic Scroll Emporium.
 31496 | Orc:4    | Found Hoxigg's Antique Armour Emporium.
 31497 | Orc:4    | Found Xuuckech's Gadget Boutique.
 31661 | Orc:4    | Bought a scroll of enchant weapon III for 260 gold pieces
 31661 | Orc:4    | Bought a scroll of identify for 26 gold pieces
 31661 | Orc:4    | Bought a scroll of enchant weapon II for 71 gold pieces
 31661 | Orc:4    | Bought a scroll of enchant armour for 71 gold pieces
 31668 | Orc:4    | Bought a cursed -2,-3 ring of slaying for 34 gold pieces
 31668 | Orc:4    | Bought a +1 ring of dexterity for 37 gold pieces
 31681 | Orc:4    | Bought a runed orcish buckler for 60 gold pieces
 31846 | Lair:2   | Learned a level 6 spell: Haste
 31851 | Lair:2   | Learned a level 4 spell: Alistair's Intoxication
 32049 | Spider:5 | Entered Level 5 of the Spider Nest
 32436 | Spider:5 | Reached skill level 10 in Charms
 32822 | Spider:5 | Reached XP level 16. HP: 76/76 MP: 27/40
 33860 | Spider:5 | Got a gossamer rune of Zot
 34213 | Spider:5 | Reached skill level 15 in Dodging
 34860 | D:6      | Bought a book of Enchantments for 500 gold pieces
 34868 | D:6      | Learned a level 6 spell: Deflect Missiles
 35155 | D:11     | Noticed a hill giant
 35161 | D:11     | Killed a hill giant
 35161 | D:11     | Reached skill level 1 in Air Magic
 35276 | D:11     | Noticed a six-headed hydra
 35281 | D:11     | Killed a six-headed hydra
 35348 | D:11     | Noticed a giant amoeba
 35355 | D:11     | Killed a giant amoeba
 35395 | D:11     | Noticed a hill giant
 35399 | D:11     | Killed a hill giant
 36680 | D:13     | Noticed Psyche
 36687 | D:13     | Killed Psyche
 37605 | D:14     | Reached skill level 5 in Air Magic
 38165 | D:15     | Entered Level 15 of the Dungeon
 38349 | D:15     | Learned a level 3 spell: Flight
 38735 | D:15     | Found a gate to the Vaults.
 38771 | D:15     | You fall through a shaft!
 38771 | D:16     | Entered Level 16 of the Dungeon
 38771 | D:16     | Found a glowing silver altar of Zin.
 39344 | Vaults:1 | Entered Level 1 of the Vaults
 39825 | Vaults:1 | Reached XP level 17. HP: 80/80 MP: 40/40
 40181 | Vaults:1 | Cast into the Abyss (ogre mage)
 40182 | Abyss:1  | Found a corrupted altar of Lugonu.
 40192 | Vaults:1 | Escaped the Abyss
 40962 | Vaults:1 | Reached skill level 10 in Air Magic
 41932 | Vaults:2 | HP: 4/80 [vault warden/uncursed battleaxe (32)]
 42898 | Vaults:2 | Found Tesomn's Antique Armour Boutique.
 43850 | Vaults:2 | Reached skill level 1 in Transmutations
 44161 | Vaults:2 | Reached XP level 18. HP: 84/84 MP: 32/41
 44521 | Vaults:3 | Reached skill level 5 in Transmutations
 45741 | Vaults:3 | Noticed Azrael
 45761 | Vaults:3 | Killed Azrael
 46198 | Vaults:3 | Found a staircase to the Crypt.
 46198 | Vaults:3 | Found a basalt altar of Yredelemnul.
 46199 | Vaults:3 | Found an ancient bone altar of Kikubaaqudgha.
 46248 | Vaults:3 | Found a staircase to the Hall of Blades.
 47227 | Vaults:3 | Reached skill level 20 in Stealth
 48331 | Vaults:4 | Reached skill level 21 in Stealth
 49093 | Vaults:4 | Reached skill level 22 in Stealth
 49330 | Vaults:5 | Entered Level 5 of the Vaults
 49399 | Vaults:5 | Reached XP level 19. HP: 69/92 MP: 30/41
 49695 | Vaults:5 | Noticed a golden dragon
 50055 | Vaults:5 | Killed a golden dragon
 51885 | Vaults:4 | Identified a +3 rod of inaccuracy (12/12) (You took it off a vault guard on level 5 of the Vaults)
 52224 | Vaults:4 | Reached skill level 10 in Fighting
 53579 | Vaults:4 | Gained mutation: Armour fits poorly on your strangely shaped body. [mutagenic glow]
 54090 | Vaults:5 | Gained mutation: Your spells are a little harder to cast, but a little more powerful. [helix card]
 55003 | Vaults:5 | Noticed a golden dragon
 55025 | Vaults:5 | Killed a golden dragon
 55025 | Vaults:5 | Reached XP level 20. HP: 94/105 MP: 20/42
 55762 | Vaults:5 | Got a fine bone ring
 56473 | Vaults:5 | Found Ybadifid's Assorted Antiques.
 57623 | Lair:2   | Identified the ring "Qaedatz" {-Tele EV+3 Acc+4 Curse} (You took it off a vault guard on level 5 of the Vaults)
 58232 | Vaults:5 | Reached skill level 15 in Evocations
 59448 | Vaults:5 | Got a silver rune of Zot
 60067 | Vaults:5 | Bought a hardcover book for 645 gold pieces
 60067 | Vaults:5 | Bought an emulsified yellow potion for 38 gold pieces
 60583 | Shoals:1 | Entered Level 1 of the Shoals
 60724 | Shoals:1 | Got a brightly glowing robe
 60730 | Shoals:1 | Identified the +0 robe of Fohi {+Blink +Inv +Fly Int+2 Stlth-} (You found it on level 1 of the Shoals)
 61122 | Shoals:3 | Noticed thursdaynext's ghost (mighty TeVM)
 61157 | Shoals:3 | Killed thursdaynext's ghost
 61177 | Shoals:3 | Found Siuvusia's Antique Weapon Shoppe.
 61333 | Shoals:3 | Mangled by a merfolk impaler

Action                   |  1- 3 |  4- 6 |  7- 9 | 10-12 | 13-15 | 16-18 | 19-21 || total
-------------------------+-------+-------+-------+-------+-------+-------+-------++-------
Melee: Dagger            |   104 |   123 |   271 |   396 |    31 |    59 |       ||   984
       Short sword       |       |       |     4 |    85 |       |       |       ||    89
       Rod               |       |       |       |     3 |       |       |       ||     3
       Cutlass           |       |       |       |       |   428 |       |       ||   428
       Quick blade       |       |       |       |       |   559 |  1515 |   861 ||  2935
Throw: Dart              |     3 |     1 |     6 |       |       |       |       ||    10
 Cast: Corona            |     1 |       |       |       |       |       |       ||     1
       Ensorcelled Hiber |     6 |    29 |   101 |   273 |   374 |   439 |   345 ||  1567
       Confuse           |       |     2 |    23 |    38 |    29 |    69 |    88 ||   249
       Enslavement       |       |       |       |    11 |    16 |    31 |    32 ||    90
       Invisibility      |       |       |       |     3 |    17 |    11 |     9 ||    40
       Haste             |       |       |       |       |       |     2 |    16 ||    18
       Blink             |       |       |       |       |       |     5 |       ||     5
       Alistair's Intoxi |       |       |       |       |       |     2 |     2 ||     4
       Shroud of Golubri |       |       |       |       |       |     1 |       ||     1
       Animate Dead      |       |       |       |       |       |       |     5 ||     5
       Deflect Missiles  |       |       |       |       |       |       |     2 ||     2
       Flight            |       |       |       |       |       |       |     2 ||     2
 Abil: Evoke Flight      |       |       |       |       |     1 |       |       ||     1
Evoke: Wand              |       |       |     3 |     7 |    11 |    12 |    15 ||    48
       Rod               |       |       |       |     5 |     8 |     8 |    46 ||    67
       Deck              |       |       |       |       |       |       |     1 ||     1
  Use: Scroll            |     3 |     3 |     6 |    20 |    20 |    17 |     7 ||    76
       Potion            |       |     1 |       |     1 |     9 |     2 |     2 ||    15
 Stab: Sleeping          |    14 |    32 |    85 |   211 |   419 |   397 |   136 ||  1294
       Confused          |       |     1 |    16 |    22 |    13 |    26 |    37 ||   115
       Distracted        |       |     1 |     2 |     2 |     7 |     6 |    12 ||    30
       Invisible         |       |       |       |     5 |    32 |    43 |    12 ||    92
